 Dungeon Crawl Stone Soup version 0.27-a0-906-g0a00ce863d (webtiles) character file.

Game seed: 16451441574541602285

7 Alarkh the Insei (level 1, 0/16 HPs)
             Began as a Demonspawn Gladiator on Apr 7, 2021.
             Succumbed to a goblin's poison
             ... on level 1 of the Dungeon.
             The game lasted 00:00:13 (98 turns).

Alarkh the Insei (Demonspawn Gladiator)               Turns: 98, Time: 00:00:13

Health: 0/16       AC:  4    Str: 14    XL:     1   Next: 83%
Magic:  1/1        EV: 12    Int:  9    God:
Gold:   8          SH:  0    Dex: 14    Spells: 0/0 levels left

rFire    . . .     SeeInvis .     - Unarmed
rCold    . . .     Faith    .   (no shield)
rNeg     . . .     Spirit   .   a - +0 leather armour
rPois    .         Reflect  .   b - +0 helmet
rElec    .         Harm     .   (no cloak)
rCorr    .         Rampage  .   (no gloves)
Will     .....                  (no boots)
Stlth    +.........             (no amulet)
HPRegen  0.05/turn              (no ring)
MPRegen  0.07/turn              (no ring)

@: lethally poisoned (0 -> -6)
A: no striking features
a: no special abilities


You were on level 1 of the Dungeon.
You visited 1 branch of the dungeon, and saw 1 of its levels.

You collected 8 gold pieces.

Inventory:

Missiles
 c - 3 throwing nets (quivered)
Armour
 a - a +0 leather armour (worn)
 b - a +0 helmet (worn)


   Skills:
 + Level 2.2 Fighting
 - Level 1.7 Throwing
 - Level 2.6 Dodging
 * Level 3.0 Unarmed Combat


You couldn't memorise any spells.
You didn't know any spells.
Your spell library was empty.

Dungeon Overview and Level Annotations

Branches:
Dungeon (1/15)

Altars:


Message History

You kill the quokka!
No target in view!
No target in view!
No target in view!
No target in view!
No target in view!
Found 7 stones.
You see here a +0 ring mail.
A goblin comes into view. It is wielding a +0 dagger of venom.
A goblin is nearby!
The goblin hits you but does no damage.
You barely miss the goblin.
The goblin hits you with a +0 dagger of venom.
You are lethally poisoned!
You hit the goblin.
You kill the goblin!
You feel very sick.
Your Unarmed Combat skill increases to level 3!
You are too injured to fight recklessly!
You are too injured to fight recklessly!
You are too injured to fight recklessly!
You are too injured to fight recklessly!
You are too injured to fight recklessly!
You are too injured to fight recklessly!
You are too injured to fight recklessly!
You are too injured to fight recklessly!
You are too injured to fight recklessly!
You are too injured to fight recklessly!
You are too injured to fight recklessly!
You are too injured to fight recklessly!
You are too injured to fight recklessly!
You aren't carrying any potions.
* * * LOW HITPOINT WARNING * * *
You feel very sick.
Things that are here:
a +0 dagger of venom; a goblin corpse
There is a lethal amount of poison in your body!
* * * LOW HITPOINT WARNING * * *
You feel sick.
You die...

..............##.....##
#.####
...............#......#
#..
...............#...##..#
#.)
...................##..#
#.# ###.......###......#
#..# #.......# #.[#.#...
#..# #...(...# #....#.#
#... #########
##.#.....# #..#
#@###.... #.. #...# ...
###)# ## #...# #.### #.
#


There were no monsters in sight!

Vanquished Creatures
  An endoplasm (D:1)
  2 giant cockroaches (D:1)
  A goblin (D:1)
  A quokka (D:1)
5 creatures vanquished.

Notes
Turn   | Place    | Note
-------+----------+-------------------------------------------
     0 | D:1      | Alarkh the Demonspawn Gladiator began the quest for the
                  | Orb.
     0 | D:1      | Reached XP level 1. HP: 16/16 MP: 1/1
    96 | D:1      | Reached skill level 3 in Unarmed Combat
    98 | D:1      | Succumbed to a goblin's poison

Illustrated notes

Levels and vault maps discovered:
D:1:      dpeg_chamrin_arrival_tetris, layout_basic, st_stairs_2

Skill      XL: |  1 |
---------------+----+-----
Unarmed Combat | 3 |  3.0
Fighting       | |  2.2
Throwing       | |  1.7
Dodging        | |  2.6

Action                   || total
-------------------------++-------
Melee: Unarmed           ||    28
 Stab: Sleeping          ||     1
Armor: Leather armour    ||     8
Dodge: Dodged            ||    19

Table legend: (Time is in decaauts)
 A = Elapsed time spent in this place.
 B = Non-inter-level travel time spent in this place.
 C = Inter-level travel time spent in this place.
 D = Time resting spent in this place.
 E = Time spent auto-exploring this place.
 F = Levels seen in this place.
 G = Mean time per level.
                   A        B        C        D        E       F      G
               +--------+--------+--------+--------+--------+-----+--------+
         Total |     97 |     97 |      0 |      0 |     54 |   1 |   97.0 |
       Dungeon |     97 |     97 |      0 |      0 |     54 |   1 |   97.0 |
               +--------+--------+--------+--------+--------+-----+--------+

Top non-repeatable levels by time:
     D:1: 97 daAuts
